TOP OF THE 1ST |
Batavia Muckdogs batting - Pitching for Tri-City Dust Devils : RHP Jalen Smith
|
Pitching: RHP Jalen Smith
|
|
Batting: RHB Calvin Morin
|
0-0: Ball 1-0: Ball 2-0: Ball 3-0: Called Strike 3-1: Ground out 6-3 (Groundball, 6, EV 77.5 MPH)
|
Batting: LHB David Doge
|
0-0: Fly out, F9 (Flyball, 89S, EV 81.2 MPH)
|
Batting: RHB Len Graham
|
0-0: Foul Ball, location: 2F 0-1: Swinging Strike 0-2: Fly out, F8 (Flyball, 89XD, EV 106.9 MPH)
|
Top of the 1st over - 0 runs, 0 hits, 0 errors, 0 left on base; Batavia 0 - Tri-City 0 |
BOTTOM OF THE 1ST |
Tri-City Dust Devils batting - Pitching for Batavia Muckdogs : RHP James Bitner
|
Pitching: RHP James Bitner
|
|
Batting: LHB Frank McConnell
|
0-0: Ball 1-0: Ball 2-0: Ball 3-0: Called Strike 3-1: Swinging Strike 3-2: Ground out U3 (Groundball, 13, EV 83.1 MPH)
|
Batting: SHB Ryan Brown
|
0-0: Ground out 5-3 (Groundball, 56S, EV 66.9 MPH)
|
Batting: RHB Hector Fernandez
|
0-0: Ball 1-0: Ball 2-0: Ball 3-0: Base on Balls
|
Batting: RHB Joe Weissman
|
0-0: Called Strike 0-1: Swinging Strike 0-2: Ball Hector Fernandez steals 2nd base 1-2: Strikes out looking
|
Bottom of the 1st over - 0 runs, 0 hits, 0 errors, 1 left on base; Batavia 0 - Tri-City 0 |
TOP OF THE 2ND |
Batavia Muckdogs batting - Pitching for Tri-City Dust Devils : RHP Jalen Smith
|
Pitching: RHP Jared Van Heel
|
|
Batting: LHB Ryan Thompson
|
0-0: Ball 1-0: Called Strike 1-1: Ball 2-1: Ball 3-1: Foul Ball, location: 2F 3-2: SINGLE (Groundball, 34D, EV 103.8 MPH)
|
Batting: RHB Larry LeFever
|
0-0: Ball 1-0: Called Strike 1-1: Called Strike 1-2: Ball 2-2: Strikes out looking
|
Batting: RHB Nate Crofts
|
0-0: Swinging Strike 0-1: Swinging Strike 0-2: Strikes out swinging
|
Batting: RHB Hiromitsu Yamada
|
0-0: Ball 1-0: Called Strike 1-1: Ball 2-1: Called Strike 2-2: Foul Ball, location: 2F 2-2: Strikes out looking
|
Top of the 2nd over - 0 runs, 1 hit, 0 errors, 1 left on base; Batavia 0 - Tri-City 0 |
BOTTOM OF THE 2ND |
Tri-City Dust Devils batting - Pitching for Batavia Muckdogs : RHP James Bitner
|
Batting: RHB Jaden Scott
|
0-0: Called Strike 0-1: Ball 1-1: Ball 2-1: SINGLE (Groundball, 4MD, EV 94.4 MPH)
|
Pitching: RHP Alex Garza
|
|
Batting: RHB Bryan Pitcher
|
0-0: Called Strike 0-1: Ball 1-1: Ball 2-1: Swinging Strike 2-2: Foul Ball, location: 2F 2-2: Foul Ball, location: 2F 2-2: Ball 3-2: Fly out, F8 (Flyball, 8LM, EV 86.9 MPH)
|
Batting: RHB Jeremy Mercer
|
0-0: Called Strike 0-1: Ball 1-1: SINGLE (Line Drive, 78M, EV 97.5 MPH) Jaden Scott to second
|
Batting: RHB Ruben Luis
|
0-0: Ball 1-0: Fielders Choice at 3rd, U5 (Groundball, 5L, EV 97.5 MPH) Jeremy Mercer to second
|
Batting: LHB Roger Duque
|
0-0: Foul Ball, location: 2F 0-1: Foul Ball, location: 2F 0-2: Ball 1-2: Fly out, F9 (Flyball, 89M, EV 81.2 MPH)
|
Bottom of the 2nd over - 0 runs, 2 hits, 0 errors, 2 left on base; Batavia 0 - Tri-City 0 |
TOP OF THE 3RD |
Batavia Muckdogs batting - Pitching for Tri-City Dust Devils : RHP Jared Van Heel
|
Batting: RHB Jeremy Dennis
|
0-0: Called Strike 0-1: Ball 1-1: TRIPLE (Flyball, 8LXD, EV 101.9 MPH)
|
Batting: RHB Jose Trevino
|
0-0: Ball 1-0: Foul Ball, location: 2F 1-1: Called Strike 1-2: Strikes out looking
|
Batting: RHB Calvin Morin
|
0-0: Called Strike 0-1: Ground out U3 (Groundball, 3, EV 91.2 MPH)
|
Batting: LHB David Doge
|
0-0: Fly out, F6 (Flyball, 56D, EV 96.2 MPH)
|
Top of the 3rd over - 0 runs, 1 hit, 0 errors, 1 left on base; Batavia 0 - Tri-City 0 |
BOTTOM OF THE 3RD |
Tri-City Dust Devils batting - Pitching for Batavia Muckdogs : RHP Alex Garza
|
Batting: LHB Frank McConnell
|
0-0: Called Strike 0-1: Ball 1-1: Ball 2-1: Called Strike 2-2: Ball 3-2: Foul Ball, location: 2F 3-2: Base on Balls
|
Pitching: RHP Ryan Babbitt
|
|
Batting: SHB Ryan Brown
|
0-0: Foul Ball, location: 2F 0-1: Ball 1-1: Foul Ball, location: 2F 1-2: Ground out 6-3 (Groundball, 6MS, EV 82.5 MPH) Frank McConnell to second
|
Batting: RHB Hector Fernandez
|
0-0: Called Strike 0-1: Swinging Strike 0-2: Ball 1-2: Foul Ball, location: 2F 1-2: DOUBLE (Line Drive, 78D, EV 108.8 MPH) Frank McConnell scores
|
Batting: RHB Joe Weissman
|
0-0: Ball 1-0: Called Strike 1-1: SINGLE (Groundball, 34D, EV 110.0 MPH) Hector Fernandez to third Runner from 3rd tries for Home, throw by RF and OUT! 9-2
|
Batting: RHB Jaden Scott
|
0-0: SINGLE (Line Drive, 89S, EV 95.6 MPH) Joe Weissman to second
|
Batting: RHB Bryan Pitcher
|
0-0: SINGLE (Line Drive, 9S, EV 91.9 MPH) Joe Weissman to third Jaden Scott to second Runner from 3rd tries for Home, SAFE, throw by RF to home Jaden Scott to third Bryan Pitcher to second
|
Batting: RHB Jeremy Mercer
|
0-0: Ball 1-0: Called Strike 1-1: Ball 2-1: SINGLE (Groundball, 6MD, EV 93.8 MPH) Jaden Scott scores Bryan Pitcher to third Runner from 3rd tries for Home, SAFE, throw by CF to home
|
Pitching: RHP Scott Feltham
|
|
Batting: RHB Ruben Luis
|
0-0: Ball 1-0: Called Strike 1-1: Ball 2-1: Foul Ball, location: 2F 2-2: Foul Ball, location: 2F 2-2: Ball 3-2: DOUBLE (Line Drive, 7LS, EV 105.0 MPH) Jeremy Mercer to third Jeremy Mercer scores
|
Batting: LHB Roger Duque
|
0-0: Called Strike 0-1: Ball 1-1: Ball 2-1: Reached on error, E6 (Groundball, 6S, EV 77.5 MPH) Ruben Luis scores
|
Batting: LHB Frank McConnell
|
0-0: Ball 1-0: Foul Ball, location: 2F 1-1: Ball 2-1: Foul Ball, location: 2F 2-2: Foul Ball, location: 2F 2-2: Ball 3-2: Base on Balls
|
Pitching: RHP Giampaolo Nobile
|
|
Batting: SHB Ryan Brown
|
0-0: Ball 1-0: Ball 2-0: Called Strike 2-1: Ball Wild Pitch! Roger Duque to third Frank McConnell to second 3-1: Base on Balls
|
Batting: RHB Hector Fernandez
|
0-0: Called Strike 0-1: Swinging Strike Passed Ball! Roger Duque scores Frank McConnell to third Ryan Brown to second 0-2: Foul Ball, location: 2F 0-2: Ball 1-2: Foul Ball, location: 2F 1-2: SINGLE (Groundball, 5S, EV 75.6 MPH) (infield hit) Frank McConnell scores Ryan Brown to third
|
Batting: RHB Joe Weissman
|
0-0: Ball 1-0: Foul Ball, location: 2F 1-1: Ball 2-1: Swinging Strike 2-2: Foul Ball, location: 2F 2-2: Ball 3-2: Foul Ball, location: 2F 3-2: Foul Ball, location: 2F 3-2: Base on Balls Hector Fernandez to second
|
Batting: RHB Jaden Scott
|
0-0: Ball Wild Pitch! Ryan Brown scores Hector Fernandez to third Joe Weissman to second 1-0: SINGLE (Groundball, 56D, EV 105.6 MPH) Hector Fernandez scores Joe Weissman to third
|
Pitching: RHP Emilio Montalvo
|
|
Batting: RHB Bryan Pitcher
|
0-0: Foul Ball, location: 2F 0-1: Foul Ball, location: 2F 0-2: Foul Ball, location: 2F 0-2: Ball Balk! Joe Weissman scores Jaden Scott to second 1-2: Foul Ball, location: 2F 1-2: Ball 2-2: Foul Ball, location: 2F 2-2: Foul Ball, location: 2F 2-2: Foul Ball, location: 2F 2-2: Foul Ball, location: 2F 2-2: Foul Ball, location: 2F 2-2: Ground out 4-3 (Groundball, 34, EV 103.1 MPH)
|
Bottom of the 3rd over - 11 runs, 8 hits, 1 error, 1 left on base; Batavia 0 - Tri-City 11 |
TOP OF THE 4TH |
Batavia Muckdogs batting - Pitching for Tri-City Dust Devils : RHP Jared Van Heel
|
Batting: RHB Len Graham
|
0-0: Called Strike 0-1: Foul Ball, location: 2F 0-2: Reached on error, E5 (Groundball, 56S, EV 87.5 MPH)
|
Batting: LHB Ryan Thompson
|
0-0: Ball 1-0: SINGLE (Groundball, 4D, EV 106.2 MPH) Len Graham to third Runner from 3rd tries for Home, throw by CF and OUT! 8-2
|
Batting: RHB Larry LeFever
|
0-0: Called Strike 0-1: Ball 1-1: Foul Ball, location: 2F 1-2: Foul Ball, location: 2F 1-2: Ball 2-2: Strikes out looking
|
Batting: RHB Nate Crofts
|
0-0: Swinging Strike 0-1: Ball 1-1: Ball 2-1: Foul Ball, location: 2F 2-2: Strikes out swinging
|
Top of the 4th over - 0 runs, 1 hit, 1 error, 1 left on base; Batavia 0 - Tri-City 11 |
BOTTOM OF THE 4TH |
Tri-City Dust Devils batting - Pitching for Batavia Muckdogs : RHP Emilio Montalvo
|
Batting: RHB Jeremy Mercer
|
0-0: Ball 1-0: Ball 2-0: Foul Ball, location: 2F 2-1: SINGLE (Groundball, 34D, EV 108.1 MPH)
|
Batting: RHB Ruben Luis
|
0-0: Called Strike 0-1: Foul Ball, location: 2F 0-2: Ball 1-2: Ball 2-2: Fly out, F4 (Line Drive, 4, EV 73.8 MPH)
|
Batting: LHB Roger Duque
|
0-0: Ball 1-0: Fly out, F7 (Flyball, 78XD, EV 109.4 MPH)
|
Batting: LHB Frank McConnell
|
0-0: Called Strike 0-1: Foul Ball, location: 2F Balk! Jeremy Mercer to second 0-2: Hit by Pitch
|
Batting: SHB Ryan Brown
|
0-0: Ball 1-0: Swinging Strike 1-1: Ball 2-1: Ball 3-1: Foul Ball, location: 2F 3-2: Foul Ball, location: 2F 3-2: Ground out U3 (Groundball, 34S, EV 68.1 MPH)
|
Bottom of the 4th over - 0 runs, 1 hit, 0 errors, 2 left on base; Batavia 0 - Tri-City 11 |
TOP OF THE 5TH |
Batavia Muckdogs batting - Pitching for Tri-City Dust Devils : RHP Jared Van Heel
|
Batting: RHB Hiromitsu Yamada
|
0-0: SINGLE (Groundball, 25, EV 64.4 MPH) (infield hit)
|
Pitching: RHP Ezra Wunderly
|
|
Batting: RHB Jeremy Dennis
|
0-0: Swinging Strike 0-1: Foul Ball, location: 2F 0-2: Fly out, F8 (Flyball, 8LM, EV 85.0 MPH)
|
Batting: RHB Jose Trevino
|
0-0: Ball 1-0: Foul Ball, location: 2F 1-1: Swinging Strike 1-2: Strikes out swinging
|
Batting: RHB Calvin Morin
|
0-0: Called Strike 0-1: Ball Hiromitsu Yamada steals 2nd base (no throw) 1-1: Swinging Strike 1-2: Ball 2-2: Ball Balk! Hiromitsu Yamada to third 3-2: DOUBLE (Groundball, 5L, EV 106.9 MPH) Hiromitsu Yamada scores
|
Batting: LHB David Doge
|
0-0: Called Strike 0-1: Ball 1-1: SINGLE (Groundball, P, EV 86.9 MPH) (infield hit) Calvin Morin to third
|
Batting: RHB Len Graham
|
0-0: DOUBLE (Flyball, 8RXD, EV 103.1 MPH) Calvin Morin scores David Doge to third Runner from 3rd tries for Home, SAFE, no throw by CF
|
Batting: LHB Ryan Thompson
|
0-0: Ball 1-0: Foul Ball, location: 2F 1-1: Ball 2-1: Ball 3-1: Fly out, F7 (Flyball, 78S, EV 88.8 MPH)
|
Top of the 5th over - 3 runs, 4 hits, 0 errors, 1 left on base; Batavia 3 - Tri-City 11 |
BOTTOM OF THE 5TH |
Tri-City Dust Devils batting - Pitching for Batavia Muckdogs : RHP Emilio Montalvo
|
Batting: RHB Hector Fernandez
|
0-0: Ball 1-0: Called Strike 1-1: Foul Ball, location: 2F 1-2: Ball 2-2: Ball 3-2: Base on Balls
|
Batting: RHB Joe Weissman
|
0-0: Ball 1-0: Foul Ball, location: 2F 1-1: Ball Wild Pitch! Hector Fernandez to second 2-1: Ball Balk! Hector Fernandez to third 3-1: Swinging Strike Passed Ball! Hector Fernandez scores 3-2: Base on Balls
|
Batting: RHB Jaden Scott
|
0-0: Ball 1-0: Ball 2-0: Ball 3-0: Called Strike 3-1: Base on Balls Joe Weissman to second
|
Batting: RHB Bryan Pitcher
|
0-0: Ball 1-0: Called Strike Balk! Joe Weissman to third Jaden Scott to second 1-1: Fly out, F8 (Line Drive, 8RM, EV 90.6 MPH) Runner from 3rd tags up, SCORES, throw by CF Jaden Scott to third
|
Pitching: RHP J.J. Barajas
|
|
Batting: RHB Jeremy Mercer
|
0-0: Ball 1-0: Ball 2-0: SINGLE (Groundball, 6MD, EV 109.4 MPH) Jaden Scott scores
|
Batting: RHB Ruben Luis
|
0-0: Ball 1-0: Ball 2-0: Fielders Choice at 2nd, 1-6 (Groundball, 13S, EV 65.0 MPH)
|
Batting: LHB Roger Duque
|
0-0: Ball 1-0: Called Strike 1-1: Ball 2-1: Foul Ball, location: 2F 2-2: Ball 3-2: Base on Balls Ruben Luis to second
|
Batting: LHB Frank McConnell
|
0-0: Ball 1-0: Swinging Strike 1-1: Called Strike 1-2: Ball 2-2: Foul Ball, location: 2F 2-2: Foul Ball, location: 2F 2-2: Strikes out swinging
|
Bottom of the 5th over - 3 runs, 1 hit, 0 errors, 2 left on base; Batavia 3 - Tri-City 14 |
TOP OF THE 6TH |
Batavia Muckdogs batting - Pitching for Tri-City Dust Devils : RHP Ezra Wunderly
|
Batting: RHB Larry LeFever
|
0-0: Swinging Strike 0-1: Ball 1-1: Foul Ball, location: 2F 1-2: Ball 2-2: SINGLE (Groundball, 56D, EV 101.2 MPH)
|
Batting: RHB Nate Crofts
|
0-0: Called Strike 0-1: Ball 1-1: Ball 2-1: Foul Ball, location: 2F 2-2: Strikes out swinging
|
Batting: RHB Hiromitsu Yamada
|
0-0: Called Strike 0-1: Swinging Strike 0-2: Foul Ball, location: 2F 0-2: Strikes out swinging
|
Batting: RHB Jeremy Dennis
|
0-0: Called Strike 0-1: Ball 1-1: Ball 2-1: Ball 3-1: Foul Ball, location: 2F 3-2: Foul Ball, location: 2F 3-2: Base on Balls Larry LeFever to second
|
Batting: RHB Jose Trevino
|
0-0: Called Strike 0-1: Called Strike 0-2: Ball 1-2: Ball 2-2: Ball 3-2: Strikes out swinging passed ball, reaches first! Larry LeFever to third Jeremy Dennis to second
|
Batting: RHB Calvin Morin
|
0-0: Called Strike 0-1: Foul Ball, location: 2F 0-2: Ball 1-2: Ball 2-2: Strikes out looking
|
Top of the 6th over - 0 runs, 1 hit, 0 errors, 3 left on base; Batavia 3 - Tri-City 14 |
BOTTOM OF THE 6TH |
Tri-City Dust Devils batting - Pitching for Batavia Muckdogs : RHP J.J. Barajas
|
Batting: SHB Ryan Brown
|
0-0: Ball 1-0: Ball 2-0: Ball 3-0: Base on Balls
|
Batting: RHB Hector Fernandez
|
0-0: Ball 1-0: Ball Wild Pitch! Ryan Brown to second 2-0: SINGLE (Line Drive, 8RS, EV 112.5 MPH) Ryan Brown to third
|
Batting: RHB Joe Weissman
|
0-0: Called Strike 0-1: Ball Wild Pitch! Ryan Brown scores Hector Fernandez to second 1-1: Ball 2-1: SINGLE (Flyball, 7S, EV 86.2 MPH) Hector Fernandez to third
|
Batting: RHB Jaden Scott
|
0-0: Called Strike 0-1: Ball 1-1: Called Strike 1-2: Fly out, F8 (Flyball, 89D, EV 90.0 MPH) Runner from 3rd tags up, OUT at HOME! 8-2 Joe Weissman to second
|
Batting: RHB Bryan Pitcher
|
0-0: Called Strike Balk! Joe Weissman to third 0-1: Foul Ball, location: 2F 0-2: Strikes out swinging
|
Bottom of the 6th over - 1 run, 2 hits, 0 errors, 1 left on base; Batavia 3 - Tri-City 15 |
TOP OF THE 7TH |
Batavia Muckdogs batting - Pitching for Tri-City Dust Devils : RHP Ezra Wunderly
|
Pitching: RHP Eric Teixeira
|
|
Batting: LHB David Doge
|
0-0: Ball 1-0: Called Strike 1-1: Ball 2-1: Ball 3-1: Called Strike 3-2: Strikes out looking
|
Batting: RHB Len Graham
|
0-0: Foul Ball, location: 2F 0-1: Ball 1-1: Called Strike 1-2: Ball 2-2: Strikes out swinging
|
Batting: LHB Ryan Thompson
|
0-0: Ball 1-0: Foul Ball, location: 2F 1-1: SINGLE (Groundball, 3D, EV 94.4 MPH)
|
Batting: RHB Larry LeFever
|
0-0: Ball 1-0: SINGLE (Groundball, 56S, EV 75.0 MPH) (infield hit) Ryan Thompson to second
|
Batting: RHB Nate Crofts
|
0-0: DOUBLE (Groundball, 5L, EV 103.1 MPH) Ryan Thompson scores Larry LeFever to third Runner from 3rd tries for Home, SAFE, no throw by LF
|
Pinch Runner at 2nd Carlos Mosqueda:
|
|
Batting: RHB Hiromitsu Yamada
|
0-0: Called Strike 0-1: Ball 1-1: Foul Ball, location: 2F 1-2: Strikes out swinging
|
Top of the 7th over - 2 runs, 3 hits, 0 errors, 1 left on base; Batavia 5 - Tri-City 15 |
BOTTOM OF THE 7TH |
Tri-City Dust Devils batting - Pitching for Batavia Muckdogs : RHP J.J. Barajas
|
Now at 1B: Carlos Mosqueda
|
|
Batting: RHB Jeremy Mercer
|
0-0: Ball 1-0: Ball 2-0: Ball 3-0: Called Strike 3-1: Swinging Strike 3-2: Base on Balls
|
Batting: RHB Ruben Luis
|
0-0: Called Strike 0-1: Swinging Strike 0-2: Ball 1-2: Ball 2-2: Ball 3-2: Base on Balls Jeremy Mercer to second
|
Batting: LHB Roger Duque
|
0-0: Foul Ball, location: 2F 0-1: Ball 1-1: Foul Ball, location: 2F Balk! Jeremy Mercer to third Ruben Luis to second 1-2: Ball 2-2: Foul Ball, location: 2F 2-2: Ball 3-2: SINGLE (Groundball, 25, EV 65.0 MPH) (infield hit)
|
Pitching: RHP Mario Barraza
|
|
Pinch Hitting: LHB Paul Adams
|
0-0: Called Strike 0-1: SINGLE (Groundball, 4MD, EV 103.1 MPH) Jeremy Mercer scores Ruben Luis to third Roger Duque to second Runner from 3rd tries for Home, SAFE, throw by CF to home
|
Batting: SHB Ryan Brown
|
0-0: Called Strike Balk! Roger Duque to third Paul Adams to second 0-1: Ball 1-1: Called Strike 1-2: Ball 2-2: Ball Balk! Roger Duque scores Paul Adams to third 3-2: Foul Ball, location: 2F 3-2: Foul Ball, location: 2F 3-2: Base on Balls
|
Batting: RHB Hector Fernandez
|
0-0: Ball 1-0: Ball 2-0: Called Strike 2-1: Ball 3-1: Foul Ball, location: 2F 3-2: Foul Ball, location: 2F 3-2: DOUBLE (Flyball, 78D, EV 91.9 MPH) Paul Adams scores Ryan Brown to third
|
Batting: RHB Joe Weissman
|
0-0: Ball 1-0: Fly out, F7 (Flyball, 7S, EV 91.9 MPH)
|
Batting: RHB Jaden Scott
|
0-0: Called Strike 0-1: Ground out 5-3 (Groundball, 5L, EV 84.4 MPH)
|
Batting: RHB Bryan Pitcher
|
0-0: Fly out, F8 (Line Drive, 8RD, EV 99.4 MPH)
|
Bottom of the 7th over - 4 runs, 3 hits, 0 errors, 2 left on base; Batavia 5 - Tri-City 19 |
TOP OF THE 8TH |
Batavia Muckdogs batting - Pitching for Tri-City Dust Devils : RHP Eric Teixeira
|
Now at 1B: Paul Adams
|
|
Pinch Hitting: LHB Andrew van Dongen
|
0-0: Ball 1-0: Foul Ball, location: 2F 1-1: Foul Ball, location: 2F 1-2: Strikes out swinging
|
Pinch Hitting: LHB Mario Tirado
|
0-0: Foul Ball, location: 2F 0-1: Ball 1-1: Foul Ball, location: 2F 1-2: Strikes out swinging
|
Batting: RHB Calvin Morin
|
0-0: Called Strike 0-1: Ball 1-1: Ball 2-1: Swinging Strike 2-2: Foul Ball, location: 2F 2-2: Strikes out looking
|
Top of the 8th over - 0 runs, 0 hits, 0 errors, 0 left on base; Batavia 5 - Tri-City 19 |
BOTTOM OF THE 8TH |
Tri-City Dust Devils batting - Pitching for Batavia Muckdogs : RHP Mario Barraza
|
Now at 2B: Len Graham
|
|
Now at 3B: Joe Lightell
|
|
Now at SS: Ryuki Ogasawara
|
|
Batting: RHB Jeremy Mercer
|
0-0: Called Strike 0-1: Called Strike 0-2: Foul Ball, location: 2F 0-2: Ball 1-2: Fly out, F7 (Flyball, 7, EV 88.8 MPH)
|
Batting: RHB Ruben Luis
|
0-0: Called Strike 0-1: DOUBLE (Line Drive, 9LD, EV 101.2 MPH)
|
Batting: LHB Roger Duque
|
0-0: Ball 1-0: Foul Ball, location: 2F 1-1: Ground out U3 (Groundball, 34, EV 98.1 MPH) Ruben Luis to third
|
Batting: LHB Paul Adams
|
0-0: Called Strike 0-1: Ball 1-1: Ball Wild Pitch! Ruben Luis scores 2-1: Ball 3-1: Called Strike 3-2: Base on Balls
|
Batting: SHB Ryan Brown
|
0-0: DOUBLE (Line Drive, 78M, EV 96.9 MPH) Paul Adams to third Runner from 3rd tries for Home, SAFE, no throw by LF
|
Batting: RHB Hector Fernandez
|
0-0: Called Strike 0-1: Foul Ball, location: 2F 0-2: Foul Ball, location: 2F 0-2: Ball 1-2: Ball 2-2: Ball 3-2: Foul Ball, location: 2F Balk! Ryan Brown to third 3-2: Base on Balls
|
Batting: RHB Joe Weissman
|
0-0: Ball 1-0: Ball 2-0: SINGLE (Groundball, 34D, EV 101.9 MPH) Ryan Brown scores Hector Fernandez to second
|
Pitching: RHP Justin Blakely
|
|
Batting: RHB Jaden Scott
|
0-0: Ball Wild Pitch! Hector Fernandez to third Joe Weissman to second 1-0: Called Strike 1-1: Called Strike Balk! Hector Fernandez scores Joe Weissman to third 1-2: Ball 2-2: Ball 3-2: Base on Balls
|
Batting: RHB Bryan Pitcher
|
0-0: SINGLE (Groundball, 34D, EV 96.9 MPH) Joe Weissman scores Jaden Scott to second
|
Batting: RHB Jeremy Mercer
|
0-0: Ball 1-0: Swinging Strike 1-1: Ball 2-1: SINGLE (Line Drive, 89S, EV 92.5 MPH) Jaden Scott to third Bryan Pitcher to second Runner from 3rd tries for Home, SAFE, throw by RF to home
|
Batting: RHB Ruben Luis
|
0-0: Ball 1-0: Ball 2-0: Called Strike 2-1: Ground out 4-3 (Groundball, 4MD, EV 81.9 MPH)
|
Bottom of the 8th over - 6 runs, 5 hits, 0 errors, 2 left on base; Batavia 5 - Tri-City 25 |
TOP OF THE 9TH |
Batavia Muckdogs batting - Pitching for Tri-City Dust Devils : RHP Eric Teixeira
|
Batting: LHB David Doge
|
0-0: Fly out, F7 (Line Drive, 7, EV 102.5 MPH)
|
Batting: RHB Len Graham
|
0-0: Swinging Strike 0-1: Ball 1-1: Ball 2-1: Foul Ball, location: 2F 2-2: Foul Ball, location: 2F 2-2: Ball 3-2: Foul Ball, location: 2F 3-2: Base on Balls
|
Pitching: RHP Eric Ovitt
|
|
Batting: LHB Ryan Thompson
|
0-0: Ball 1-0: Swinging Strike 1-1: SINGLE (Groundball, 4, EV 97.5 MPH) Len Graham to second
|
Batting: RHB Larry LeFever
|
0-0: Called Strike 0-1: Called Strike 0-2: Ball 1-2: Strikes out swinging
|
Pinch Hitting: RHB Jayson Johnson
|
0-0: Ball 1-0: Ball 2-0: Called Strike 2-1: Swinging Strike 2-2: Fly out, F8 (Flyball, 8LXD, EV 90.6 MPH)
|
Top of the 9th over - 0 runs, 1 hit, 0 errors, 2 left on base; Batavia 5 - Tri-City 25 |
|